 Dungeon Crawl Stone Soup version 0.21-a0-157-gb89e0e2 (webtiles) character file.

4308 TabOTab the Carver (level 10, -7/76 HPs)
             Began as a Demonspawn Gladiator on Aug 4, 2017.
             Was an Initiate of Okawaru.
             Mangled by a two-headed ogre
             ... wielding a +0 giant club
              (12 damage)
             ... on level 8 of the Dungeon.
             The game lasted 00:22:48 (9808 turns).

TabOTab the Carver (Demonspawn Gladiator)           Turns: 9808, Time: 00:22:48

Health: -7/76      AC: 27    Str: 17    XL:     10   Next: 11%
Magic:  10/10      EV:  9    Int: 13    God:    Okawaru [......]
Gold:   291        SH:  0    Dex: 14    Spells: 9/9 levels left

rFire    . . .     SeeInvis .   s - +0 scimitar (protect)
rCold    . . .     Gourm    .   (no shield)
rNeg     . . .     Faith    .   u - +0 chain mail
rPois    .         Spirit   .   w - +1 hat
rElec    .         Reflect  .   (no cloak)
rCorr    .         Harm     .   j - +0 pair of gloves
MR       .....                  l - +1 pair of boots
Stlth    +.........             (no amulet)
HPRegen  0.22/turn              m - ring of stealth
MPRegen  0.12/turn              (no ring)

@: sanguine armour, protection aura
A: antennae 1, talons 1, clever 1, nightstalker 2, powered by death 1, sanguine
armour 1
a: Renounce Religion


You were on level 8 of the Dungeon.
You worshipped Okawaru.
Okawaru was noncommittal.
You were not hungry.

You visited 2 branches of the dungeon, and saw 9 of its levels.
You also visited: Sewer and Bailey.

You collected 386 gold pieces.
You spent 95 gold pieces at shops.

Inventory:

Hand Weapons
 a - a +0 long sword
 s - a +0 scimitar of protection (weapon)
Missiles
 d - 4 throwing nets (quivered)
Armour
 j - a +0 pair of gloves (worn)
 l - a +1 pair of boots (worn)
 q - a +0 shield
 u - a +0 chain mail (worn)
 w - a +1 hat (worn)
 y - a +0 plate armour
Jewellery
 m - a ring of stealth (left hand)
 v - a +3 ring of intelligence
 A - an uncursed ring of ice
Wands
 c - a wand of digging (7/24)
 x - a wand of polymorph (12/24)
Scrolls
 b - a scroll of immolation
 h - a scroll of amnesia
 i - 2 scrolls of remove curse
 p - 4 scrolls of teleportation
 r - a scroll of blinking
 t - a scroll of magic mapping {unknown}
Potions
 e - 2 potions of curing
 g - a potion of flight
 k - a potion of mutation
 n - a potion of haste {unknown}
 z - a potion of might
Comestibles
 f - 4 bread rations
 o - 4 meat rations
 B - 2 chunks of flesh


   Skills:
 + Level 5.9 Fighting
 * Level 11.2 Long Blades
 - Level 1.8 Throwing
 + Level 4.6 Armour
 + Level 4.3 Dodging


You had 9 spell levels left.
You didn't know any spells.

Dungeon Overview and Level Annotations

Branches:
Dungeon (8/15)             Temple (1/1) D:7
   Lair: D:8-11

Altars:
Ashenzari
Cheibriados
Dithmenos
Elyvilon
Fedhas
Kikubaaqudgha
Makhleb
Nemelex Xobeh
Okawaru
Qazlal
Ru
Uskayaw
Vehumet
Wu Jian
Yredelemnul
Zin
The Shining One

Shops:
D:7 (


Innate Abilities, Weirdness & Mutations

You have a pair of small antennae on your head.
You are significantly more attuned to the shadows.
You regenerate a little health from kills.
When seriously injured, your bleeding wounds create armour. (AC +6)
You have sharp toenails.
Your mind is acute. (Int +2)


Message History

You hit the two-headed ogre but do no damage.
The two-headed ogre is heavily wounded.
The two-headed ogre misses you.
The two-headed ogre hits you with a giant club.
Unknown command.
You hit the two-headed ogre.
The two-headed ogre is severely wounded.
The two-headed ogre closely misses you.
The two-headed ogre hits you with a giant club.
* * * LOW HITPOINT WARNING * * *
Unknown command.
You hit the two-headed ogre but do no damage.
The two-headed ogre is severely wounded.
Unknown command.
You hit the two-headed ogre but do no damage.
The two-headed ogre is severely wounded.
The two-headed ogre hits you with a giant club!
* * * LOW HITPOINT WARNING * * *
The two-headed ogre hits you with a giant club!
You die...

#.# #.# . #.# ###.
##.# ####....
###..###...$...
####.........#....
#.................
#O##)........#....
#@##.#.......#.$..
#.##.#............
#.##.##...#.######
#.##.###.##.# #)#
#.##.. #.# #.# #.#
##.#


You could see a two-headed ogre.

Vanquished Creatures
  A two-headed ogre (D:8)
  2 hungry ghosts
  A sky beast (D:5)
  8 orc warriors (Bailey)
  3 ice beasts
  A phantom (D:4)
  3 ogres
  2 centaurs (D:6)
  4 bullfrogs
  4 scorpions
  5 wights (D:7)
  A howler monkey (D:5)
  3 crimson imps
  4 hounds
  A jelly (D:5)
  3 orc priests
  A centaur skeleton (D:4)
  A gnoll shaman (D:7)
  2 orc wizards
  3 worker ants
  Robin (D:3)
  13 gnolls
  10 adders
  A shadow imp (D:7)
  14 oozes
  An adder zombie (D:5)
  A worm (D:1)
  3 dart slugs
  14 leopard geckos
  26 orcs
  8 giant cockroaches
  30 goblins
  20 hobgoblins
  21 jackals
  3 kobolds
  4 quokkas
  18 ball pythons
  5 bats
  17 frilled lizards
  A jackal zombie (D:5)
  A leopard gecko skeleton (D:7)
  7 rats
272 creatures vanquished.

Vanquished Creatures (collateral kills)
  An orc warrior (D:5)
1 creature vanquished.

Vanquished Creatures (others)
  An unseen horror (D:8)
  A jelly (D:8)
  An orc priest (D:8)
  An iguana (D:8)
  A worker ant zombie (D:8)
  3 orcs (D:8)
  A leopard gecko skeleton (D:8)
9 creatures vanquished.

Grand Total: 282 creatures vanquished

Notes
Turn   | Place    | Note
-------+----------+-------------------------------------------
     0 | D:1      | TabOTab the Demonspawn Gladiator began the quest for the Orb.
     0 | D:1      | Reached XP level 1. HP: 16/16 MP: 1/1
    68 | D:1      | Reached skill level 3 in Long Blades
   195 | D:1      | Gained mutation: When seriously injured, your bleeding wounds create armour. (AC +6) [demonic ancestry]
   195 | D:1      | Reached XP level 2. HP: 22/22 MP: 2/2
   524 | D:1      | Found a shattered altar of Ashenzari.
  1084 | D:1      | Reached XP level 3. HP: 27/27 MP: 3/3
  1760 | D:2      | Gained mutation: You have a pair of small antennae on your head. [demonic ancestry]
  1760 | D:2      | Reached XP level 4. HP: 33/33 MP: 4/4
  1780 | D:2      | Reached skill level 4 in Long Blades
  2020 | D:3      | Noticed Robin
  2026 | D:3      | Gained mutation: Your mind is acute. (Int +2) [potion of mutation]
  2026 | D:3      | Gained mutation: You have sharp toenails. [potion of mutation]
  2030 | D:3      | Reached skill level 1 in Armour
  2038 | D:3      | Killed Robin
  2097 | D:3      | Gained mutation: You regenerate a little health from kills. [demonic ancestry]
  2097 | D:3      | Reached XP level 5. HP: 28/39 MP: 5/5
  2172 | D:3      | Found a glowing drain.
  2176 | Sewer    | Entered a sewer
  2382 | Sewer    | Reached skill level 5 in Long Blades
  2694 | Sewer    | Gained mutation: You are slightly more attuned to the shadows. [demonic ancestry]
  2694 | Sewer    | Reached XP level 6. HP: 46/46 MP: 6/6
  3557 | D:4      | Reached skill level 6 in Long Blades
  3718 | D:4      | Reached XP level 7. HP: 23/52 MP: 7/7
  4634 | D:4      | Reached skill level 7 in Long Blades
  5169 | D:5      | Entered Level 5 of the Dungeon
  5476 | D:5      | Reached XP level 8. HP: 60/60 MP: 8/8
  5579 | D:5      | Found a shattered altar of Ashenzari.
  6000 | D:5      | Reached skill level 8 in Long Blades
  7202 | D:6      | Reached skill level 9 in Long Blades
  7435 | D:6      | Gained mutation: You are significantly more attuned to the shadows. [demonic ancestry]
  7435 | D:6      | Reached XP level 9. HP: 33/66 MP: 9/9
  7898 | D:7      | Found Muzaot's Weapon Boutique.
  7917 | D:7      | Bought a +0 scimitar of protection for 95 gold pieces
  8120 | D:7      | Reached skill level 5 in Fighting
  8380 | D:7      | Found a flagged portal.
  8385 | D:7      | Found a staircase to the Ecumenical Temple.
  8407 | Bailey   | Entered a bailey
  8541 | Bailey   | Reached skill level 10 in Long Blades
  8789 | Bailey   | Noticed an orc knight
  8840 | Temple   | Entered the Ecumenical Temple
  9015 | Temple   | Became a worshipper of Warmaster Okawaru
  9048 | D:7      | Found a shattered altar of Ashenzari.
  9556 | D:8      | Noticed a two-headed ogre
  9584 | D:8      | Killed a two-headed ogre
  9584 | D:8      | Reached skill level 11 in Long Blades
  9584 | D:8      | Reached XP level 10. HP: 33/76 MP: 10/10
  9597 | D:8      | Killed an unseen horror
  9781 | D:8      | Noticed a two-headed ogre
  9808 | D:8      | Mangled by a two-headed ogre

Vault maps used:
D:1:      dpeg_arrival_three_bigger_balls, dk_noncrumbling_4, ashenzari_altar_1
D:3:      gup_sewer_entry_bowl, uniq_robin
D:4:      roderic_lattice_a
D:5:      nicolae_overflow_hidden_temple, basic_altar, first_bread
D:6:      kennysheep_generic_room_8
D:7:      minmay_temple_entry_poolview, basic_altar, enter_bailey_1,
          serial_shops, shop_statue
D:8:      hangedman_little_slice_of_home, xom_confusion_cloud
Temple:   regret_index_temple_chain_breaker
Sewer:    sewer_frog_island_02
Bailey:   bailey_axe_minmay_hex_keep, bailey

Skill      XL: |  1  2  3  4  5  6  7  8  9 |
---------------+----------------------------+-----
Long Blades    | 3 4 5 6 7 9 11 | 11.2
Dodging        | 3 4 |  4.3
Armour         | 1 2 3 4 |  4.6
Fighting       | 3 4 5 |  5.9
Throwing       | |  1.8

Action                   |  1- 3 |  4- 6 |  7- 9 | 10-12 || total
-------------------------+-------+-------+-------+-------++-------
Melee: Long sword        |   116 |   329 |   391 |       ||   836
       Scimitar          |       |       |   319 |    12 ||   331
Evoke: Box of beasts     |       |       |     1 |       ||     1
       Wand              |       |       |     3 |       ||     3
  Use: Scroll            |       |    11 |     3 |       ||    14
       Potion            |       |     4 |     8 |       ||    12
 Stab: Sleeping          |     3 |       |     2 |       ||     5
       Invisible         |       |       |     9 |       ||     9
  Eat: Chunk             |     2 |     7 |     9 |       ||    18
       Meat ration       |       |       |     2 |       ||     2
       Fruit             |       |       |     3 |       ||     3
       Bread ration      |       |       |     3 |       ||     3
       Royal jelly       |       |       |     2 |       ||     2
Armor: Leather armour    |    26 |       |       |       ||    26
       Scale mail        |     3 |   177 |       |       ||   180
       Chain mail        |       |    59 |   373 |     2 ||   434
Dodge: Dodged            |    93 |   240 |   304 |     5 ||   642
       Rpst.: Long sword |    29 |    67 |    47 |       ||   143
       Scimitar          |       |       |    62 |       ||    62
